 Dungeon Crawl Stone Soup version 0.19.0-2-gae57169 (webtiles) character file.

1214 syranez the Cleaver (level 8, -1/70 HPs)
             Began as a Hill Orc Berserker on Nov 4, 2016.
             Was a Priest of Trog.
             Succumbed to Dowan's poison
             ... on level 4 of the Dungeon.
             The game lasted 00:09:34 (4282 turns).

syranez the Cleaver (Hill Orc Berserker)            Turns: 4282, Time: 00:09:35

Health: -1/70      AC:  8    Str: 20    XL:     8   Next: 46%
Magic:  8/8        EV: 11    Int:  9    God:    Trog [***...]
Gold:   238        SH:  0    Dex: 10    Spells: 0 memorised, 7 levels left

rFire  . . .     SeeInvis .     a - +0 hand axe
rCold  . . .     Gourm    .     B - +0 scale mail
rNeg   . . .     Faith    .     (no shield)
rPois  .         Spirit   .     n - +0 helmet
rElec  .         Reflect  .     (no cloak)
rCorr  +         Harm     .     (no gloves)
MR     .....                    p - +0 pair of boots
Stlth  +.........               (no amulet)
                                (no ring)
                                A - ring of resist corrosion

@: lethally poisoned (-1 -> -47), exhausted
A: no striking features
a: Berserk, Trog's Hand, Burn Spellbooks, Renounce Religion


You were on level 4 of the Dungeon.
You worshipped Trog.
Trog was most pleased with you.
You were very hungry.

You visited 1 branch of the dungeon, and saw 4 of its levels.

You collected 238 gold pieces.

Inventory:

Hand Weapons
 a - a +0 hand axe (weapon)
 x - a +0 flail
Missiles
 f - 199 stones
 w - 6 tomahawks (quivered)
Armour
 n - a +0 helmet (worn)
 p - a +0 pair of boots (worn)
 B - a +0 scale mail (worn)
Jewellery
 A - a ring of resist corrosion (left hand)
Wands
 y - a wand of digging (7/24)
Scrolls
 d - a scroll of recharging {unknown}
 h - a scroll of amnesia {unknown}
 i - 2 scrolls of remove curse {unknown}
 l - a scroll of fear {unknown}
 m - 2 scrolls of magic mapping {unknown}
 q - a scroll of blinking {unknown}
 s - 3 scrolls of immolation {unknown}
 t - a scroll of enchant armour {unknown}
 u - a scroll of teleportation {unknown}
Potions
 b - a potion of magic {unknown}
 g - a potion of might
 o - a potion of brilliance {unknown}
Comestibles
 c - 3 bread rations
 j - a slice of pizza
 r - a meat ration
 v - 4 chunks of flesh
 z - a beef jerky


   Skills:
 + Level 6.0 Fighting
 + Level 9.4 Axes
 + Level 2.0 Throwing
 + Level 2.5 Armour
 + Level 4.0 Dodging
 + Level 2.6 Stealth


You had 7 spell levels left.
You didn't know any spells.

Dungeon Overview and Level Annotations

Branches:
Dungeon (4/15)
 Temple: D:4-7

Altars:
Cheibriados
Elyvilon
Hepliaklqana
Ru
Uskayaw
Vehumet
The Shining One

Annotations:
D:4 Dowan


Message History

* * * LOW HITPOINT WARNING * * *
You feel very sick.
The orc wizard hits you with an enchanted dagger.
* * * LOW HITPOINT WARNING * * *
Dowan says, "Magic will overcome all!"
Dowan casts a spell.
Dowan blinks!
The orc wizard gestures wildly while chanting.
You feel mightier all of a sudden.
* * * LOW HITPOINT WARNING * * *
You feel very sick.
The orc wizard hits you but does no damage.
The orc wizard casts a spell at you. The magic dart hits you!
* * * LOW HITPOINT WARNING * * *
It was a potion of cancellation.
Your magical effects are unravelling.
You feel magically purged.
You feel yourself speed up.
You feel a little less mighty now.
You die... #####.# ......# #####.# .# #.# .## #.# PP#

#.# #### ..###.# .....
⌠.'.#.#############......
####
..#.............@oo?.....
....
..###.#############......
#[## .## #.### .....
..###...# ....
........########## ...
>................# ..
........########.## .
........# #..# #####...#
##.##


You could see an orc wizard and an orc.

Vanquished Creatures
  Pikel (D:4)
  Grinder (D:3)
  Duvessa (D:4)
  An ogre (D:3)
  A crimson imp (D:3)
  A hound (D:4)
  An orc wizard (D:4)
  An orc priest (D:4)
  Ijyb (D:3)
  Robin (D:2)
  5 adders
  An ooze (D:2)
  2 worms
  3 dart slugs (D:2)
  A leopard gecko (D:2)
  7 orcs
  5 bats
  5 giant cockroaches
  11 hobgoblins
  16 jackals
  A ball python (D:3)
  11 frilled lizards
  15 goblins
  13 kobolds
  7 rats
113 creatures vanquished.

Vanquished Creatures (others)
  3 orc priests (D:4)
  An orc wizard (D:4)
  A leopard gecko (D:4)
  4 orcs (D:4)
  A giant cockroach (D:3)
  A goblin (D:3)
11 creatures vanquished.

Grand Total: 124 creatures vanquished

Notes
Turn   | Place    | Note
-------+----------+-------------------------------------------
     0 | D:1      | syranez the Hill Orc Berserker began the quest for the Orb.
     0 | D:1      | Reached XP level 1. HP: 19/19 MP: 1/1
   354 | D:1      | Reached XP level 2. HP: 19/27 MP: 2/2
  1210 | D:2      | Reached XP level 3. HP: 21/33 MP: 3/3
  1272 | D:2      | Noticed Robin
  1283 | D:2      | Killed Robin
  1294 | D:2      | Reached ** piety under Trog
  1316 | D:2      | Reached XP level 4. HP: 17/40 MP: 4/4
  1741 | D:2      | Reached skill level 5 in Axes
  2336 | D:2      | Reached XP level 5. HP: 40/47 MP: 5/5
  2348 | D:2      | Found a hide-covered altar of Uskayaw.
  2348 | D:2      | Found a sacrificial altar of Ru.
  2366 | D:3      | Noticed Ijyb
  2374 | D:3      | Killed Ijyb
  2415 | D:3      | Noticed Grinder
  2526 | D:3      | Killed Grinder
  2526 | D:3      | Reached skill level 5 in Fighting
  2526 | D:3      | Reached skill level 7 in Axes
  2526 | D:3      | Reached skill level 1 in Stealth
  2526 | D:3      | Reached XP level 6. HP: 21/56 MP: 6/6
  3075 | D:3      | Found a white marble altar of Elyvilon.
  3291 | D:3      | Reached *** piety under Trog
  3313 | D:3      | Reached XP level 7. HP: 61/61 MP: 7/7
  3624 | D:3      | Found a hazy altar of Hepliaklqana.
  3892 | D:4      | Noticed Pikel
  3946 | D:4      | Killed Pikel
  3946 | D:4      | Reached skill level 9 in Axes
  3946 | D:4      | Reached skill level 1 in Throwing
  3946 | D:4      | Reached XP level 8. HP: 70/70 MP: 8/8
  4175 | D:4      | Found a glowing golden altar of the Shining One.
  4228 | D:4      | Found a radiant altar of Vehumet.
  4228 | D:4      | Found a snail-covered altar of Cheibriados.
  4248 | D:4      | Noticed Duvessa
  4249 | D:4      | Noticed Dowan
  4264 | D:4      | Killed Duvessa
  4282 | D:4      | Succumbed to Dowan's poison

Skill      XL: |  1  2  3  4  5  6  7  8 |
---------------+-------------------------+-----
Fighting       | 4 5 6 |  6.0
Dodging        | 2 3 4 |  4.0
Axes           | 5 7 9 |  9.4
Stealth        | 1 2 |  2.6
Throwing       | 1 2 |  2.0
Armour         | |  2.5

Action                   |  1- 3 |  4- 6 |  7- 9 || total
-------------------------+-------+-------+-------++-------
Melee: Hand axe          |   100 |   195 |    90 ||   385
Throw: Stone             |     8 |     5 |       ||    13
       Tomahawk          |       |     1 |     6 ||     7
Invok: Berserk           |     1 |     4 |     3 ||     8
       Trog's Hand       |     1 |     1 |       ||     2
  Use: Potion            |     1 |       |     4 ||     5
 Stab: Distracted        |     1 |       |       ||     1
       Sleeping          |       |     1 |       ||     1
  Eat: Chunk             |     1 |    12 |     5 ||    18
Armor: Animal skin       |    12 |       |       ||    12
       Robe              |    18 |    55 |     5 ||    78
       Scale mail        |       |       |    27 ||    27
Dodge: Dodged            |    68 |   122 |    41 ||   231
